 Dungeon Crawl Stone Soup version 0.19-a0-1457-g32fba05 (webtiles) character file.

41 Amnesiac the Grave Robber (level 3, -8/19 HPs)
             Began as a Deep Elf Necromancer on Sept 7, 2016.
             Mangled by an ogre
             ... wielding a +0 giant club
              (23 damage)
             ... on level 4 of the Dungeon.
             The game lasted 00:02:47 (705 turns).

Amnesiac the Grave Robber (Deep Elf Necromancer)     Turns: 705, Time: 00:02:48

Health: -8/19      AC:  2    Str:  5    XL:     3   Next: 32%
Magic:  6/10       EV: 13    Int: 19    God:
Gold:   39         SH:  0    Dex: 21    Spells: 1 memorised, 9 levels left

rFire  x . .     SeeInvis .     k - +5 trident "Xoygis" {venom, rF- Dex+5 Stlth+}
rCold  . . .     Gourm    .     a - +0 robe
rNeg   . . .     Faith    .     (no shield)
rPois  .         Spirit   .     (no helmet)
rElec  .         Dismiss  .     (no cloak)
rCorr  .         Reflect  .     (no gloves)
MR     .....     Harm     .     (no boots)
Stlth  +++.......               (no amulet)
                                (no ring)
                                (no ring)

@: no status effects
A: no striking features
a: no special abilities


You were on level 4 of the Dungeon.
You were not hungry.

You visited 1 branch of the dungeon, and saw 4 of its levels.

You collected 39 gold pieces.

Inventory:

Hand Weapons
 k - the +5 trident "Xoygis" (weapon) {venom, rF- Dex+5 Stlth+}
   (You found it on level 4 of the Dungeon)

   It poisons the flesh of those it strikes.
   It affects your dexterity (+5).
   It makes you vulnerable to fire.
   It makes you more stealthy.
Armour
 a - a +0 robe (worn)
 f - a mottled dragon hide
Scrolls
 h - a scroll of teleportation {unknown}
 i - a scroll of noise {unknown}
 j - a scroll of amnesia {unknown}
Potions
 d - a potion of degeneration {unknown}
 e - a potion of lignification {unknown}
 g - a potion of invisibility {unknown}
Books
 b - a book of Necromancy

   Spells                             Type                      Level
   a - Pain                           Necromancy                   1
   b - Animate Skeleton               Necromancy                   1
   c - Vampiric Draining              Necromancy                   3
   d - Regeneration                   Charms/Necromancy            3
   e - Animate Dead                   Necromancy                   4
   f - Control Undead                 Necromancy                   4
Comestibles
 c - a bread ration


   Skills:
 - Level 2.4 Dodging
 - Level 2.4 Stealth
 + Level 4.0 Spellcasting
 + Level 5.7 Necromancy


You had 9 spell levels left.
You knew the following spells:

 Your Spells              Type           Power        Failure   Level  Hunger
z - Pain                  Necr           ####         1%          1    None


Dungeon Overview and Level Annotations

Branches:
Dungeon (4/15)
 Temple: D:4-7

Altars:


Message History

You don't know that spell.
Unknown command.
Adjust (i)tems, (s)pells, or (a)bilities?
Adjust which spell?
Okay, then.
Casting: Pain
Confirm with . or Enter, or press ? or * to list all spells.
Aiming: Pain
Press: ? - help, Shift-Dir - straight line, f/p - ogre
Aim: an ogre, wielding a giant club (severely wounded, poisoned, chance to defeat MR: 84%)
The ogre writhes in agony!
The ogre barely misses you.
Unknown command.
Casting: Pain
Confirm with . or Enter, or press ? or * to list all spells.
Aiming: Pain
Press: ? - help, Shift-Dir - straight line, f/p - ogre
Aim: an ogre, wielding a giant club (severely wounded, poisoned, chance to defeat MR: 84%)
The ogre barely resists.
The ogre hits you with a giant club!!
Ouch! That really hurt!
You die...

#.# #.# ####.##
# #.....#
.##.#.#.####.#
.............#
..##.#.#.######
# #.....#
###@### #O# #
#.# ... ###.#
###..##...#
..".......#
###>###...#
##..# ...#


You could see an ogre.

Vanquished Creatures
  An iguana (D:3)
  An ooze (D:1)
  An orc (D:3)
  3 goblins (D:1)
  2 bats
  3 kobolds (D:1)
  A rat (D:2)
12 creatures vanquished.

Notes
Turn   | Place    | Note
-------+----------+-------------------------------------------
     0 | D:1      | Amnesiac the Deep Elf Necromancer began the quest for the Orb.
     0 | D:1      | Reached XP level 1. HP: 10/10 MP: 6/6
    36 | D:1      | Reached skill level 5 in Necromancy
   277 | D:1      | Reached XP level 2. HP: 12/15 MP: 4/8
   537 | D:3      | Reached XP level 3. HP: 14/19 MP: 3/10
   643 | D:4      | Got a crude trident
   644 | D:4      | Identified the +5 trident "Xoygis" {venom, rF- Dex+5 Stlth+} (You found it on level 4 of the Dungeon)
   694 | D:4      | Noticed an ogre
   705 | D:4      | Mangled by an ogre

Vault maps used:
D:1:      eino_arrival_cavern_d
D:2:      nicolae_gozag_seed_capital
D:3:      kennysheep_goblin_castle, grunt_temple_overflow_order_and_chaos_1,
          first_bread, hex_tiny
D:4:      gammafunk_temple_overflow_forgotten, grunt_tough_drop

Skill      XL: |  1  2 |
---------------+-------+-----
Necromancy     | 5 |  5.7
Spellcasting   | 4 |  4.0
Dodging        | |  2.4
Stealth        | |  2.4

Action                   || total
-------------------------++-------
Melee: Trident           ||     1
 Cast: Pain              ||    30
Dodge: Dodged            ||     2
